Unix xNetHack Version 7.1.0 - last build Aug 24 2022 01:07:05 (1fa1f62cd5ceb2637dd02cb5911b63b761633c84). Game began 2022-11-08 15:21:56, ended 2022-11-08 16:36:20. McPanther, chaotic male human Monk ------ ----- |....| |...| |.`..----.`.| |.`..%...`..| |@.--->---`.| |---------.--- |..^^^<|.....| |..----|`....| --^| |.`...| |^-----.`...| |..^^^^`.`..| |..---------- ---- McPanther the Initiate St:12 Dx:16 Co:14 In:10 Wi:18 Ch:10 Chaotic S:8628 Dlvl:5 $:17 HP:0(58) Pw:45(45) AC:-6 Xp:7/1017 T:5095 Latest messages: You swap places with your housecat. What do you want to wield? [- hitwJ or ?*] w w - an uncursed mithril dwarvish mattock (weapon in hands) {75}. You start digging. You hit the rock with all your might. You succeed in cutting away some rock. What do you want to wield? [- hitwJ or ?*] - You are empty handed. You swap places with your housecat. The door opens. You begin striking monsters with your gloved hands. You jab the giant beetle! The giant beetle bites! What do you want to wield? [- hitwJ or ?*] - You are already empty handed. You strike the giant beetle! You chop the giant beetle! You kill the giant beetle! Your pair of leather gloves deflects the iguana's attack. You kill the iguana! You see here an iguana corpse. You swap places with your housecat. The housecat eats an iguana corpse. m - a white gem {1}. You swap places with your housecat. What do you want to wield? [- hitwJ or ?*] - You are already empty handed. You chop the giant bat! Your robe deflects the giant bat's attack. You kill the giant bat! You see here a giant bat corpse. The housecat eats a giant bat corpse. You climb up the stairs. The floor here is covered in deep perpendicular grooves. You see here an egg. You see here 2 food rations. o - 2 food rations {40}. p - a copper wand {7}. There is nothing here to pick up. What do you want to write with? [- himnptwCJN or ?*] - You write in the dust with your fingertip. What do you want to write in the dust here? ppp What do you want to write with? [- himnptwCJN or ?*] p Your copper wand suddenly explodes! You die... Do you want your possessions identified? [ynq] (y) y Do you want to see your attributes? [ynq] (y) y Do you want an account of creatures vanquished? [ynaq] (y) y Do you want to see your conduct and achievements? [ynq] (y) y Do you want to see the dungeon overview? [ynq] (y) y Major events: Turn 1: McPanther the chaotic male human Monk entered the dungeon 810: attained the rank of Novice (level 3) 984: entered the Gnomish Mines 1507: reached Mine Town 1640: attained the rank of Initiate (level 6) 5085: entered Sokoban 5095: killed by an exploding wand Inventory: Inventory: 487/700 weight (22/52 slots) Coins $ - 17 gold pieces {1} Weapons t - 8 +0 darts {8} J - 4 +0 daggers {40} h - a +0 elven dagger (at the ready) {10} w - a +0 mithril dwarvish mattock {75} i - a +0 elven broadsword {70} Armor c - an uncursed +1 dwarvish helm (being worn) {30} a - an uncursed +2 pair of leather gloves (being worn) {8} d - a blessed +1 pair of mithril dwarvish boots (being worn) {24} L - an uncursed +0 pair of levitation boots {15} b - an uncursed +1 robe (being worn) {12} Comestibles g - an uncursed apple {2} o - 2 uncursed food rations {40} e - an uncursed lizard corpse {10} Rings C - an uncursed ring of conflict {3} Tools A - a blessed bag of holding containing 31 items {108} f - an empty uncursed sack {15} U - an uncursed lock pick {4} y - an uncursed skeleton key {3} R - an uncursed skeleton key {3} n - an uncursed towel {5} Gems/Stones m - an uncursed opal {1} N - an uncursed worthless piece of red glass {1} Contents of the bag of holding: 4173 gold pieces 6 uncursed apples an uncursed fortune cookie 7 uncursed oranges an uncursed scroll of blank paper an uncursed scroll of enchant armor an uncursed scroll of enchant weapon a cursed scroll of fire an uncursed scroll of punishment an uncursed scroll of remove curse a blessed scroll of teleportation 3 uncursed scrolls of teleportation 2 cursed scrolls of teleportation an uncursed scroll of water an uncursed potion of enlightenment an uncursed potion of full healing a blessed potion of gain ability an uncursed potion of gain energy 3 uncursed potions of healing a cursed potion of object detection an uncursed potion of oil an uncursed potion of sickness an uncursed potion of water a cursed ring of hunger an uncursed ring of polymorph control a magic marker (0:97) an uncursed worthless piece of blue glass an uncursed worthless piece of green glass 3 uncursed worthless pieces of red glass an uncursed worthless piece of yellow glass 2 uncursed worthless pieces of yellowish brown glass McPanther the Monk's attributes: Background: You were an Initiate, a level 7 male human Monk. You were chaotic, on a mission for Huan Ti who was opposed by Shan Lai Ching (lawful) and Chih Sung-tzu (neutral). You were heterosexual. You were in Sokoban, on level 5. You entered the dungeon 5095 turns ago. There was a full moon in effect when your adventure ended. You had 1017 experience points, 263 more were needed to attain level 8. Your score was 8628 before end-of-game adjustments. Basics: You had 0 out of 58 hit points. You had all 45 energy points (spell power). Your armor class was -6. Your wallet contained 17 zorkmids. Autopickup was on for '$"?!=/' plus thrown. Final Characteristics: Your strength was 12 (limit:18/100). Your dexterity was 16 (limit:18). Your constitution was 14 (limit:18). Your intelligence was 10 (limit:18). Your wisdom was 18 (limit:18). Your charisma was 10 (limit:18). Final Status: You were not hungry. You were unencumbered. You were empty handed. You were skilled in martial arts. Final Attributes: You were piously aligned. You were sleep resistant. You were poison resistant. You saw invisible. You were warned. You were stealthy. You had a small defense bonus (+3). You were guarded. You were fast. You were lucky. You are dead. Miscellaneous: You never encountered a bones level. Total elapsed playing time was 1 hour, 4 minutes and 31 seconds. Vanquished creatures: a small mimic a giant beetle a gnome ruler 2 lizards a dingo a housecat a blue jelly a raven a Woodland-elf a human zombie 2 soldier ants an Uruk-hai 3 rock piercers a rock mole 2 fog clouds 4 gnome leaders 2 gnomish wizards a ghoul 6 giant ants 2 floating eyes a kitten 7 dwarves 4 rothes 2 giant bats a werejackal 3 iguanas a killer bee an acid blob a gas spore 2 hobbits a large kobold 2 cave spiders 3 yellow molds 23 gnomes 5 geckos 7 jackals 4 foxes a goblin 8 grid bugs 4 bats 4 lichens 2 kobold zombies 8 newts 130 creatures vanquished. No species were genocided or became extinct. Voluntary challenges: You were vegetarian. You never hit with a wielded weapon. You read items or engraved 9 times. You never genocided any monsters. You never polymorphed an object. You never changed form. You never touched an artifact. You used no wishes. You never scared an enemy with impunity. You were celibate. You did not violate any of the special Sokoban rules. Achievements: You entered a shop. You attained the rank of Novice. You entered the Gnomish Mines. You entered Minetown. You attained the rank of Initiate. You entered a temple. You entered Sokoban. The Dungeons of Doom: levels 1 to 8 Level 1: "vault" A grave. Level 2: A potion shop, a fountain. Level 3: "." A fountain. Stairs down to The Gnomish Mines. Level 4: A fountain, some trees. Level 5: Many fountains. Oracle of Delphi. Level 6: Stairs up to Sokoban, level 5. Level 7: Level 8: The Gnomish Mines: levels 4 to 7 Level 4: Level 5: Level 6: Many shops, a temple to Huan Ti, some fountains. Level 7: Sokoban: Level 5: <- You were here. Unsolved. Final resting place for you, killed by an exploding wand. Game over: __________ / \ / REST \ / IN \ / PEACE \ / \ | McPanther | | 4190 Au | | killed by an | | exploding wand | | | | | | 2022 | *| * * * | * _________)/\\_//(\/(/\)/\//\/|_)_______ Punardarsanaya McPanther the Monk... You died in Sokoban on dungeon level 5 with 8209 points, and 4190 pieces of gold, after 5095 moves. You were level 7 with a maximum of 58 hit points when you died.